 Dungeon Crawl Stone Soup version 0.29-a0-473-gacb4ef3bc5 (webtiles) character file.

Game seed: 12953905467591775827

112 101zpm the Magician (level 5, -4/35 HPs)
             Began as a Djinni Fire Elementalist on May 23, 2022.
             Killed by divine providence
             ... invoked by an orc priest
              (14 damage)
             ... on level 3 of the Dungeon.
             The game lasted 00:02:28 (2614 turns).

101zpm the Magician (Djinni Fire Elementalist)      Turns: 2614, Time: 00:02:28

Health: -4/35      AC:  2    Str:  7    XL:     5   Next: 16%
Gold:   77         EV: 12    Int: 18    God:
                   SH:  0    Dex: 14

rFire   + + .      SeeInvis .   (no weapon)
rCold   x . .      Faith    .   (no shield)
rNeg    . . .      Spirit   .   a - +0 robe
rPois   ∞          Reflect  .   (no helmet)
rElec   .          Harm     .   (no cloak)
rCorr   .          Rampage  .   (no gloves)
Will    .....                   (boots unavailable)
Stlth   ++........              (no amulet)
HPRegen 0.11/turn               (no ring)
MPRegen 0.00/turn               (no ring)

@: flying, very slightly contaminated
A: sickness immunity, fire resistance 2, cold vulnerability 1, float, innate
caster, HP casting, extra vitality 1
a: no special abilities


You were on level 3 of the Dungeon.
You visited 1 branch of the dungeon, and saw 3 of its levels.

You collected 77 gold pieces.

Inventory:

Armour
 a - a +0 robe (worn)
Scrolls
 c - a scroll of teleportation {unknown}
 d - a scroll of enchant armour {unknown}
 e - a scroll of silence {unknown}
 i - a scroll of vulnerability {unknown}
 l - a scroll of immolation {unknown}
 m - a scroll of noise {unknown}
Potions
 b - a potion of curing {unknown}
 f - a potion of brilliance {unknown}
 g - 3 potions of might {unknown}
 h - a potion of resistance {unknown}
 j - 2 potions of magic {unknown}
 k - a potion of heal wounds {unknown}
 n - a potion of lignification {unknown}


   Skills:
 + Level 2.4 Dodging
 + Level 2.5 Stealth
 + Level 3.8 Spellcasting


You couldn't memorise any spells.
You knew the following spells:

 Your Spells              Type           Power      Damage    Failure   Level
a - Foxfire               Conj/Fire      68%        2x1d7     3%          1
b - Scorch                Fire           34%        2d7       4%          2
c - Conjure Flame         Conj/Fire      17%        6-21      10%         3
d - Inner Flame           Hex/Fire       17%        N/A       10%         3
e - Flame Wave            Conj/Fire      17%        2d6       30%         4
f - Sting                 Tmut/Pois      68%        1d6       3%          1
g - Searing Ray           Conj           34%        2d5       4%          2
Your spell library was empty.

Dungeon Overview and Level Annotations

Branches:
Dungeon (3/15)

Altars:


Innate Abilities, Weirdness & Mutations

You are immune to sickness and miasma.
You are immune to poison.
Your flesh is very heat resistant. (rF++)
You are vulnerable to cold. (rC-)
You float through the air rather than walking.
You learn spells naturally, not from books.
Your magical power is your life essence.
You have superior vitality. (+4 MHP)


Message History

Flames lash the orc.
The orc is severely wounded.
The orc's fire resistance burns away.
Casting: Scorch (safe; 4% risk of failure)
Confirm with . or Enter, or press ? or * to list all spells.
You miscast Scorch.
Nothing appears to happen.
An orc priest comes into view. It is wielding a +0 short sword.
Casting: Scorch (safe; 4% risk of failure)
Confirm with . or Enter, or press ? or * to list all spells.
Flames lash the orc.
The orc is burned terribly!
You kill the orc!
Casting: Scorch (safe; 4% risk of failure)
Confirm with . or Enter, or press ? or * to list all spells.
Flames lash the orc.
You kill the orc!
Casting: Scorch (safe; 4% risk of failure)
Confirm with . or Enter, or press ? or * to list all spells.
You don't know that spell.
Casting: Foxfire (safe; 3% risk of failure)
Press: ? - help, Q - select action, (/) - cycle Dir - look around, f - activate You conjure some foxfire!
Casting: Foxfire (safe; 3% risk of failure)
Confirm with . or Enter, or press ? or * to list all spells.
You can't see any susceptible monsters within range! (Use Z to cast anyway.)
Casting: Foxfire (safe; 3% risk of failure)
Press: ? - help, Q - select action, (/) - cycle Dir - look around, f - activate You conjure some foxfire!
The foxfire hits the orc priest.
The orc priest is lightly wounded.
The foxfire hits the orc priest.
The orc priest is severely wounded.
Casting: Foxfire (safe; 3% risk of failure)
Confirm with . or Enter, or press ? or * to list all spells.
Flames lash the orc priest but do no damage.
* * * LOW HITPOINT WARNING * * *
The foxfire hits the orc priest but does no damage.
The orc priest is severely wounded.
The orc priest mumbles some strange prayers to Beogh against you.
Beogh smites you!
You die...

..... #. #.#.. #.###
..... #...$ #....
#....# ####. #.....
#. ......# ##
#...o§§## # #§@# ..
##§# #. #.# ###. #.#
##.... #.###..##.##
#..##.# #..##
#####....####..######
#..........##........
#..............####..


You could see an orc priest.

Vanquished Creatures
  2 orc wizards (D:3)
  2 adders (D:2)
  2 worms (D:2)
  5 orcs (D:3)
  2 ball pythons
  3 endoplasms
  A giant cockroach (D:3)
  2 goblins (D:2)
  3 jackals (D:2)
  2 kobolds
  2 quokkas
  4 bats
  2 frilled lizards (D:2)
  5 rats
37 creatures vanquished.

Vanquished Creatures (others)
  159 foxfires
159 creatures vanquished.

Grand Total: 196 creatures vanquished

Notes
Turn   | Place    | Note
-------+----------+-------------------------------------------
     0 | D:1      | 101zpm the Djinni Fire Elementalist began the quest for the
                  | Orb.
     0 | D:1      | Reached XP level 1. HP: 15/15 MP: 0/0
   395 | D:1      | Found a faded altar of an unknown god.
   400 | D:1      | Reached XP level 2. HP: 19/21 MP: 0/0
  1148 | D:2      | Reached skill level 3 in Spellcasting
  1148 | D:2      | Reached XP level 3. HP: 18/25 MP: 0/0
  1148 | D:2      | Learned a level 1 spell: Sting
  1674 | D:2      | Reached XP level 4. HP: 26/31 MP: 0/0
  2606 | D:3      | Reached XP level 5. HP: 24/35 MP: 0/0
  2606 | D:3      | Learned a level 2 spell: Searing Ray
  2614 | D:3      | Killed from afar by an orc priest

Illustrated notes

Levels and vault maps discovered:
D:1:      minmay_arrival_jagged, layout_basic,
          hellmonk_ecumenical_altar_lost_god, chequers_serial_rivers_micro_b,
          serial_bayou_crossing
D:2:      layout_basic
D:3:      layout_rooms, minivault_23

Skill      XL: |  1  2  3  4 |
---------------+-------------+-----
Spellcasting   | 3 |  3.8
Stealth        | 2 |  2.5
Dodging        | |  2.4

Action                   |  1- 3 |  4- 6 || total
-------------------------+-------+-------++-------
 Cast: Foxfire           |    76 |    34 ||   110
       Scorch            |     6 |    13 ||    19
Dodge: Dodged            |     3 |     3 ||     6

Table legend: (Time is in decaauts)
 A = Elapsed time spent in this place.
 B = Non-inter-level travel time spent in this place.
 C = Inter-level travel time spent in this place.
 D = Time resting spent in this place.
 E = Time spent auto-exploring this place.
 F = Levels seen in this place.
 G = Mean time per level.
                   A        B        C        D        E       F      G
               +--------+--------+--------+--------+--------+-----+--------+
         Total |   2613 |   2596 |     17 |      0 |   2374 |   3 |  871.0 |
       Dungeon |   2613 |   2596 |     17 |      0 |   2374 |   3 |  871.0 |
               +--------+--------+--------+--------+--------+-----+--------+

Top non-repeatable levels by time:
     D:2: 1523 daAuts
     D:1: 656 daAuts
     D:3: 433 daAuts
